 Dungeon Crawl Stone Soup version 0.29.1-2-gbd0b4ee654 (webtiles) character file.

Game seed: 12889791146213697325

1584 GorkyZ the Trooper (level 8, -2/62 HPs)
             Began as a Demonspawn Gladiator on Nov 19, 2022.
             Succumbed to a scorpion's poison
             ... in an ossuary.
             The game lasted 00:13:33 (5229 turns).

GorkyZ the Trooper (Demonspawn Gladiator)           Turns: 5229, Time: 00:13:34

Health: -2/62      AC: 18    Str: 16    XL:     8   Next: 61%
Magic:  8/8        EV:  5    Int:  9    God:
Gold:   304        SH:  0    Dex: 16    Spells: 7/7 levels left

rFire   . . .      SeeInvis .   s - +2 scythe (pain)
rCold   . . .      Faith    .   (shield currently unavailable)
rNeg    . . .      Spirit   .   u - +0 plate armour
rPois   .          Reflect  .   c - +0 helmet
rElec   +          Harm     .   (no cloak)
rCorr   .          Rampage  .   (no gloves)
Will    .....                   y - +0 pair of boots
Stlth   ..........              (no amulet)
HPRegen 0.20/turn               (no ring)
MPRegen 0.11/turn               (no ring)

@: lethally poisoned (-2 -> -13)
A: thin metallic scales 3, ignite blood 1, demonic touch 1
a: no special abilities


You were in an ossuary.
You visited 1 branch of the dungeon, and saw 5 of its levels.
You also visited: Ossuary.

You collected 304 gold pieces.

Inventory:

Hand Weapons
 a - a +0 war axe
 g - a +2 vampiric spear
 s - a +2 scythe of pain (weapon)
Missiles
 d - 3 throwing nets (quivered)
 e - a javelin
 D - 4 datura-tipped darts
Armour
 b - a +0 leather armour
 c - a +0 helmet (worn)
 u - a +0 plate armour (worn)
 y - a +0 pair of boots (worn)
Jewellery
 l - an amulet of magic regeneration
 t - a ring of ice
Wands
 p - a wand of polymorph (21)
 w - a wand of mindburst (11)
 x - a wand of light (17)
Scrolls
 h - a scroll of noise {unknown}
 k - a scroll of fear {unknown}
 q - a scroll of torment {unknown}
 v - 3 scrolls of teleportation {unknown}
 z - 4 scrolls of identify {unknown}
 B - a scroll of acquirement {unknown}
Potions
 f - a potion of lignification {unknown}
 i - a potion of resistance {unknown}
 j - 10 potions of curing {unknown}
 m - 5 potions of brilliance {unknown}
 n - 2 potions of cancellation {unknown}
 o - a potion of heal wounds {unknown}
 r - a potion of mutation {unknown}
 A - a potion of degeneration {unknown}
 C - a potion of attraction {unknown}


   Skills:
 + Level 5.0 Fighting
 - Level 2.8(3.8) Axes
 + Level 3.9(4.3) Polearms
 + Level 4.5 Throwing
 + Level 4.1 Armour
 - Level 2.6 Dodging
 - Level 2.2 Shields
 + Level 4.5 Evocations


You had 7 spell levels left.
You didn't know any spells.
Your spell library contained the following spells:

 Spells                   Type           Power      Damage    Failure   Level
 Freeze                   Ice            0%         1d3       100%        1
 Call Canine Familiar     Summ           0%         N/A       100%        3
 Frozen Ramparts          Ice            0%         1d1       100%        3
 Portal Projectile        Hex/Tloc       0%         N/A       100%        3
 Hailstorm                Conj/Ice       0%         3d3       100%        4
 Leda's Liquefaction      Hex/Erth       0%         N/A       100%        4


Dungeon Overview and Level Annotations

Branches:
Dungeon (5/15)            Ossuary (1/1)
 Temple: D:4-7

Altars:
Hepliaklqana

Shops:
D:1 *   D:4 :

Annotations:
D:5 2 transporters, Bloodgem's ghost, novice MiFi


Innate Abilities, Weirdness & Mutations

You are completely covered in thin metallic scales. (AC +4, rElec)
Your demonic aura sometimes causes spilled blood to erupt in flames.
Your touch may inflict minor irresistible damage on your foes.


Message History

You feel sick.
The scorpion stings you but does no damage.
The scorpion stings you.
The scorpion stings you but does no damage.
The scorpion barely misses you.
You closely miss the scorpion.
The scorpion is severely wounded.
You feel sick.
The scorpion stings you but does no damage.
The scorpion stings you. x2
* * * LOW HITPOINT WARNING * * *
You are more poisoned.
The scorpion poisons you!
You puncture the scorpion!
You kill the scorpion!
You feel very sick.
The scorpion stings you but does no damage.
Your Fighting skill increases to level 5!
You hit the scorpion.
The scorpion is lightly wounded.
You feel very sick.
The scorpion stings you but does no damage.
The scorpion stings you.
* * * LOW HITPOINT WARNING * * *
You are lethally poisoned!
The scorpion poisons you!
You closely miss the scorpion.
The scorpion is lightly wounded.
* * * LOW HITPOINT WARNING * * *
You feel very sick.
The scorpion stings you but does no damage.
You slash the scorpion!
The scorpion is heavily wounded.
* * * LOW HITPOINT WARNING * * *
You feel very sick. The scorpion barely misses you.
The scorpion stings you but does no damage.
You closely miss the scorpion.
The scorpion is heavily wounded.
You die...

######### ####### ####
#...#...# #.....#.....
#.∩.'.∩.# +.....#.....
#...#...# #.....8.....
######'###+##...........
#...#...#!!.#...........
#...8†..#..?###8@....8#
#.......#.!M#....s......
##8...8######...........
#.......#...#.....8.....
#...8...#...'.....#.....
#...#...#...#.....#.....
##'#######'######## ##+#
#...#...#...#
#...'...8...#


You could see a scorpion.

Vanquished Creatures
  Pikel (D:4)
  Sigmund (D:2)
  A black bear (D:4)
  An ice beast (D:5)
  A lemure (D:4)
  4 scorpions
  A necrophage (D:5)
  A centaur zombie (Ossuary)
  A hound (D:4)
  A human zombie (Ossuary)
  An iguana (D:4)
  Ijyb (D:3)
  Terence (D:3)
  Natasha (thrice) (D:4)
  2 orc wizards (D:5)
  2 scorpion zombies (Ossuary)
  4 gnolls (D:2)
  6 adders
  5 worms
  5 dart slugs
  2 orcs (D:5)
  8 ball pythons
  10 bats
  4 endoplasms
  A giant cockroach (D:3)
  5 goblins
  3 hobgoblins
  7 jackals
  11 kobolds
  6 quokkas
  6 frilled lizards
  2 hobgoblin zombies (Ossuary)
  A kobold zombie (Ossuary)
  An orc zombie (Ossuary)
  5 rats
115 creatures vanquished.

Notes
Turn   | Place    | Note
-------+----------+-------------------------------------------
     0 | D:1      | GorkyZ the Demonspawn Gladiator began the quest for the
                  | Orb.
     0 | D:1      | Reached XP level 1. HP: 16/16 MP: 1/1
   227 | D:1      | Gained mutation: You are partially covered in thin metallic
                  | scales. (AC +2) [demonic ancestry]
   227 | D:1      | Reached XP level 2. HP: 13/22 MP: 2/2
   643 | D:1      | Reached skill level 1 in Evocations
   706 | D:1      | Gained mutation: Your touch may inflict minor irresistible
                  | damage on your foes. [demonic ancestry]
   706 | D:1      | Reached XP level 3. HP: 24/27 MP: 3/3
   806 | D:1      | Found Jivox's Assorted Antiques.
  1025 | D:2      | Reached skill level 1 in Armour
  1108 | D:2      | Reached skill level 1 in Shields
  1229 | D:2      | Reached XP level 4. HP: 10/34 MP: 4/4
  1363 | D:2      | Reached skill level 1 in Polearms
  1437 | D:2      | Noticed Sigmund
  1471 | D:2      | Killed Sigmund
  1472 | D:2      | Reached skill level 3 in Fighting
  1472 | D:2      | Gained mutation: Your demonic aura sometimes causes spilled
                  | blood to erupt in flames. [demonic ancestry]
  1472 | D:2      | Reached XP level 5. HP: 24/41 MP: 5/5
  1776 | D:2      | Reached XP level 6. HP: 47/47 MP: 6/6
  2400 | D:3      | Noticed Terence
  2403 | D:3      | Noticed Ijyb
  2408 | D:3      | Killed Terence
  2417 | D:3      | Killed Ijyb
  3077 | D:4      | Found Ecvod's Book Boutique.
  3077 | D:4      | Noticed Natasha
  3083 | D:4      | Killed Natasha
  3481 | D:4      | Noticed Natasha
  3485 | D:4      | Killed Natasha
  3550 | D:4      | Noticed Pikel
  3561 | D:4      | Killed Pikel
  3562 | D:4      | Reached skill level 4 in Fighting
  3562 | D:4      | Gained mutation: You are mostly covered in thin metallic
                  | scales. (AC +3) [demonic ancestry]
  3562 | D:4      | Reached XP level 7. HP: 13/54 MP: 7/7
  3575 | D:4      | Noticed Natasha
  3601 | D:4      | Killed Natasha
  3972 | D:4      | Gained mutation: You are completely covered in thin
                  | metallic scales. (AC +4, rElec) [demonic ancestry]
  3972 | D:4      | Reached XP level 8. HP: 59/61 MP: 8/8
  4617 | D:5      | Entered Level 5 of the Dungeon
  4648 | D:5      | Found a hazy altar of Hepliaklqana.
  4836 | D:5      | Noticed Bloodgem's ghost (novice MiFi)
  4837 | D:5      | Found a transporter.
  4871 | D:5      | Found a transporter.
  5054 | D:5      | Found a sand-covered staircase.
  5061 | Ossuary  | Entered an ossuary
  5226 | Ossuary  | Reached skill level 5 in Fighting
  5228 | Ossuary  | HP: 1/62 [poisoned by a scorpion]
  5229 | Ossuary  | Succumbed to a scorpion's poison

Illustrated notes

Levels and vault maps discovered:
D:1:      dpeg_arrival_refuge, layout_basic, serial_shops,
          nicolae_shop_advertising_works [nicolae_subvault_shop_adworks]
D:2:      minmay_diamond_boxcup, layout_rooms, minmay_misc_feat_alley,
          uniq_sigmund
D:3:      layout_basic, minmay_box_of_dots, uniq_ijyb, uniq_terence
D:4:      layout_basic, serial_shops, nicolae_diamond_shop, st_stairs_6,
          uniq_natasha, uniq_pikel
D:5:      layout_gridville, amcnicky_altar_gilded, gammafunk_ghost_mausoleum,
          nicolae_ossuary_entry_false_entrances, serial_bayou_lake_a
Ossuary:  ossuary_minmay_scorpions

Skill      XL: |  1  2  3  4  5  6  7  8 |
---------------+-------------------------+-----
Throwing       | 2 3 4 |  4.5
Evocations     | 1 2 3 4 |  4.5
Armour         | 1 2 3 4 |  4.1
Shields        | 1 2 |  2.2
Polearms       | 1 3 |  3.9
Fighting       | 3 4 5 |  5.0
Axes           | |  2.8
Dodging        | |  2.6

Action                   |  1- 3 |  4- 6 |  7- 9 || total
-------------------------+-------+-------+-------++-------
Melee: War axe           |    32 |       |       ||    32
       Spear             |    86 |    19 |       ||   105
       Punch             |     1 |       |       ||     1
       Touch             |     6 |     3 |       ||     9
       Halberd           |       |   109 |   121 ||   230
Throw: Throwing net      |       |     3 |       ||     3
 Stab: Sleeping          |     3 |     1 |       ||     4
Armor: Leather armour    |    33 |     7 |       ||    40
       Plate armour      |       |    65 |   126 ||   191
Dodge: Dodged            |    79 |    27 |    29 ||   135
